 Dungeon Crawl Stone Soup version 0.21.1-1-g345015f (webtiles) character file.

567 iamserjio the Sneak (level 7, -2/46 HPs)
             Began as an Octopode Monk on Apr 5, 2018.
             Killed by nerve-wracking pain
             ... invoked by Tiareth's ghost
              (12 damage)
             ... on level 4 of the Dungeon.
             The game lasted 00:16:59 (2760 turns).

iamserjio the Sneak (Octopode Monk)                 Turns: 2760, Time: 00:17:00

Health: -2/46      AC:  1    Str: 11    XL:     7   Next: 33%
Magic:  7/7        EV: 16    Int: 12    God:
Gold:   160        SH:  0    Dex: 16    Spells: 6/6 levels left

rFire    . . .     SeeInvis .   u - +2 dagger (venom)
rCold    . . .     Gourm    +   (no shield)
rNeg     . . .     Faith    .   (helmet restricted)
rPois    .         Spirit   .   m - amulet of the gourmand
rElec    .         Reflect  .   (no ring)
rCorr    .         Harm     .   (no ring)
MR       .....                  (no ring)
Stlth    ++++......             (no ring)
HPRegen  0.15/turn              (no ring)
MPRegen  0.10/turn              (no ring)
                                (no ring)
                                (no ring)

@: no status effects
A: almost no armour, stealthy swim, amphibious, 8 rings, constrict 8, camouflage
1, gelatinous body 1
a: no special abilities


You were on level 4 of the Dungeon.
You were completely stuffed.

You visited 1 branch of the dungeon, and saw 4 of its levels.

You collected 160 gold pieces.

Inventory:

Hand Weapons
 a - a +0 short sword
 d - a +0 blowgun
 u - a +2 dagger of venom (weapon)
Missiles
 e - 121 stones (quivered)
 l - 5 curare-tipped needles
 o - 35 arrows
 p - 5 poisoned needles
Armour
 q - a +0 shield
Magical Staves
 w - an uncursed staff of air {unknown}
Jewellery
 m - an amulet of the gourmand (around mantle)
 r - an uncursed amulet of regeneration {unknown}
Scrolls
 c - a scroll of enchant weapon {unknown}
 g - a scroll of enchant armour {unknown}
 i - a scroll of amnesia {unknown}
 j - a scroll of immolation {unknown}
Potions
 f - a potion of haste {unknown}
 h - 3 potions of flight
 k - 2 potions of heal wounds
 n - a potion of curing
 s - a potion of brilliance
 v - a potion of might
Comestibles
 b - 8 rations


   Skills:
 - Level 3.0 Fighting
 + Level 5.3 Short Blades
 + Level 4.9 Dodging
 + Level 6.7 Stealth
 * Level 1.3 Shields


You had 6 spell levels left.
You didn't know any spells.

Dungeon Overview and Level Annotations

Branches:
Dungeon (4/15)
 Temple: D:4-7

Altars:
Makhleb

Annotations:
D:4 Tiareth's ghost, amateur DENe


Innate Abilities, Weirdness & Mutations

You cannot wear most types of armour.
You are very stealthy in the water. (Stealth+)
You are amphibious.
You can wear up to eight rings at the same time.
You can use your tentacles to constrict eight enemies at once.
Your skin changes colour to match your surroundings (Stealth+).
Your rubbery body absorbs attacks. (AC +1, EV +1)


Message History

Tiareth's ghost is almost destroyed.
You closely miss Tiareth's ghost. Your squeeze misses Tiareth's ghost.
Tiareth's ghost is almost destroyed.
Tiareth's ghost screams, "Zot is a myth, the ORB is a fable, you'll soon be a tale!"
Tiareth's ghost misses you.
You miss Tiareth's ghost.
Tiareth's ghost is almost destroyed.
Tiareth's ghost hits you.
* * * LOW HITPOINT WARNING * * *
You hit Tiareth's ghost.
Tiareth's ghost is almost destroyed.
Tiareth's ghost hits you but does no damage.
You miss Tiareth's ghost.
Tiareth's ghost is almost destroyed.
You hit Tiareth's ghost. Your squeeze misses Tiareth's ghost.
Tiareth's ghost is almost destroyed.
Tiareth's ghost says, "Don't worry, I won't let your corpse go to waste."
Tiareth's ghost casts a spell at you. Pain shoots through your body!
You die...

***,*****#........⌠............#*
,,,,,,,,,......#................#
,**,,****#......⌠...⌠...........#
,***,*** #......................#
,,,,,,,**###......<............##
****,*,*,....#...........##...##
*,,>,,###....⌠...⌠.##.######
*,,,,,........W...#...#....###
****,*,,,.......@.⌠....###....#..
,,,,,,,,*#.##>.....##............
,**,,,*,*,,#..###.###.####....###
,,*,,,,,,,#..#* #.###.# #....# #
*,,,,,,,**#.** #.....# #..).###
**>,,,,,**#,* ##...##* #.#####.
*,,,,*,,,,,* ##.....# #.#####[
**,,,**,,*** ##..###.# #.......
*,,,**,,* #..## #.# #.####.#


You could see Tiareth's ghost.

Vanquished Creatures
  Sigmund (D:2)
  A water moccasin (D:4)
  2 scorpions
  Terence (D:2)
  2 worker ants
  A hound skeleton (D:4)
  3 adders
  A shadow imp (D:4)
  3 worms
  4 dart slugs
  4 leopard geckos
  An orc (D:3)
  2 giant cockroaches (D:3)
  7 hobgoblins
  7 jackals
  2 quokkas (D:2)
  2 ball pythons (D:4)
  7 bats
  6 frilled lizards
  6 goblins
  5 kobolds
  7 rats
75 creatures vanquished.

Notes
Turn   | Place    | Note
-------+----------+-------------------------------------------
     0 | D:1      | iamserjio the Octopode Monk began the quest for the Orb.
     0 | D:1      | Reached XP level 1. HP: 16/16 MP: 1/1
    67 | D:1      | Reached XP level 2. HP: 10/21 MP: 2/2
   372 | D:1      | Reached skill level 3 in Stealth
   586 | D:2      | Found a burning altar of Makhleb.
   673 | D:2      | Reached XP level 3. HP: 26/26 MP: 3/3
   698 | D:2      | Noticed Sigmund
   726 | D:2      | Killed Sigmund
   726 | D:2      | Reached skill level 4 in Stealth
   726 | D:2      | Reached XP level 4. HP: 20/31 MP: 4/4
   726 | D:2      | Reached XP level 5. HP: 24/36 MP: 5/5
   873 | D:2      | Noticed Terence
   883 | D:2      | Killed Terence
   883 | D:2      | Reached skill level 5 in Stealth
  1161 | D:2      | Reached XP level 6. HP: 42/42 MP: 6/6
  1648 | D:3      | HP: 2/42 [adder (4)]
  2294 | D:3      | Reached skill level 6 in Stealth
  2343 | D:4      | Reached skill level 5 in Short Blades
  2352 | D:4      | Reached XP level 7. HP: 46/46 MP: 7/7
  2422 | D:4      | Found a burning altar of Makhleb.
  2456 | D:4      | Reached skill level 1 in Shields
  2716 | D:4      | Noticed Tiareth's ghost (amateur DENe)
  2760 | D:4      | Killed from afar by Tiareth's ghost

Skill      XL: |  1  2  3  4  5  6  7 |
---------------+----------------------+-----
Stealth        | 3 4 5 6 |  6.7
Short Blades   | 4 5 |  5.3
Dodging        | 4 |  4.9
Shields        | 1 |  1.3
Fighting       | |  3.0

Action                   |  1- 3 |  4- 6 |  7- 9 || total
-------------------------+-------+-------+-------++-------
Melee: Short sword       |    59 |   103 |       ||   162
       Tentacles         |     9 |    28 |     6 ||    43
       Constrict         |    11 |    27 |     5 ||    43
       Dagger            |       |     6 |    54 ||    60
  Use: Scroll            |       |       |     6 ||     6
       Potion            |       |       |     1 ||     1
 Stab: Sleeping          |     5 |    11 |       ||    16
  Eat: Chunk             |       |    13 |     1 ||    14
Armor: Skin              |     5 |     2 |     4 ||    11
Dodge: Dodged            |    56 |    52 |    31 ||   139
